 Dungeon Crawl Stone Soup version 0.19.0 (webtiles) character file.

2908 CanadianGator the Cleaver (level 9, 0/71 HPs)
             Began as a Hill Orc Fighter on Nov 16, 2016.
             Was a Believer of Beogh.
             Slain by Joseph
             ... wielding a +4 quarterstaff of protection
              (6 damage)
             ... on level 8 of the Dungeon.
             The game lasted 00:28:00 (7638 turns).

CanadianGator the Cleaver (Hill Orc Fighter)        Turns: 7638, Time: 00:28:00

Health: 0/71       AC: 15    Str: 27    XL:     9   Next: 78%
Magic:  9/9        EV: 10    Int:  8    God:    Beogh [**....]
Gold:   203        SH:  0    Dex: 10    Spells: 0 memorised, 8 levels left

rFire  . . .     SeeInvis .     p - +5 battleaxe (curse)
rCold  + . .     Gourm    .     b - +0 scale mail
rNeg   . . .     Faith    .     (shield currently unavailable)
rPois  .         Spirit   .     (helmet restricted)
rElec  .         Reflect  .     i - +0 cloak
rCorr  .         Harm     .     q - +1 pair of gloves
MR     .....                    v - +0 pair of boots
Stlth  ..........               (no amulet)
                                (no ring)
                                D - ring of loudness (curse)

@: mighty
A: antennae 1, yellow scales 1, cold resistance 1, frail 1
a: Smiting, Renounce Religion


You were on level 8 of the Dungeon.
You worshipped Beogh.
Beogh was pleased with you.
You were very hungry.

You visited 1 branch of the dungeon, and saw 8 of its levels.
You also visited: Sewer.

You collected 410 gold pieces.
You spent 207 gold pieces at shops.

Inventory:

Hand Weapons
 p - a cursed +5 battleaxe (weapon)
 x - a +4 war axe of freezing
Armour
 b - a +0 scale mail (worn)
 i - a +0 cloak (worn)
 q - a +1 pair of gloves (worn)
 v - a +0 pair of boots (worn)
Jewellery
 B - an uncursed ring of ice
 D - a cursed ring of loudness (left hand)
Wands
 j - a wand of enslavement (24/24)
Scrolls
 a - 2 scrolls of teleportation
 c - a scroll of enchant weapon
 d - a scroll of recharging
 m - 2 scrolls of magic mapping {unknown}
 r - 2 scrolls of amnesia {unknown}
 s - 2 scrolls of fog
 y - 2 scrolls of remove curse
 C - a scroll of fear
Potions
 e - a potion of brilliance {unknown}
 g - a potion of cure mutation
 h - 3 potions of curing
 n - 2 potions of resistance
 o - 2 potions of invisibility
 u - 3 potions of flight
 z - a potion of mutation {unknown}
 A - a potion of might
Comestibles
 f - 4 bread rations
 k - 3 beef jerkies
 l - 2 slices of pizza
 t - 6 meat rations
 w - 2 fruits


   Skills:
 * Level 7.6 Fighting
 * Level 12.4 Axes
 * Level 7.4 Armour
 + Level 1.6 Dodging
   Level 4.6 Shields


You had 8 spell levels left.
You didn't know any spells.

Dungeon Overview and Level Annotations

Branches:
Dungeon (8/15)             Temple (0/1) D:5
   Lair: D:8-11

Altars:

Shops:
D:4 [(*

Annotations:
D:8 Joseph


Innate Abilities, Weirdness & Mutations

You have a pair of small antennae on your head.
You are partially covered in yellow scales. (AC +2)
Your flesh is cold resistant. (rC+)
You are frail. (-10% HP)


Message History

Joseph shoots a sling bullet.
The sling bullet hits you but does no damage.
You see here 2 sling bullets.
You slash Joseph!
Joseph is moderately wounded.
Joseph unwields an uncursed hunting sling.
Joseph wields an uncursed quarterstaff of protection.
Joseph hits you with an uncursed quarterstaff of protection!
* * * LOW HITPOINT WARNING * * *
You feel very mighty all of a sudden. Joseph hits you but does no damage.
You closely miss Joseph.
Joseph is moderately wounded.
You are feeling very hungry.
Joseph hits you with an uncursed quarterstaff of protection.
* * * LOW HITPOINT WARNING * * *
You hit Joseph.
Joseph is moderately wounded.
Joseph hits you with an uncursed quarterstaff of protection.
You die...

.. ##### ## ... ...
.. ###....... #..
.###.........
###.######..........#
#......@@(..........#
#.#.######((........#
#.# #..........# #.#
#......$..###
#.######..(((.......
#.(.......(......###
########(........#
#####.........<....#
.[....###..........#


You could see Joseph.

Vanquished Creatures
  Prince Ribbit (D:8)
  A hippogriff (D:7)
  A sky beast (D:7)
  An ice beast (D:5)
  A phantom (D:3)
  3 ogres
  A centaur (D:5)
  A big kobold (Sewer)
  A bullfrog (D:7)
  A jelly (D:5)
  14 killer bees
  4 wights (D:5)
  2 howler monkeys
  3 crimson imps
  A quasit (D:6)
  3 hounds
  An orc priest (D:7)
  3 orc wizards
  Crazy Yiuf (D:5)
  Jessica (D:3)
  An iguana (D:7)
  A worker ant (D:4)
  A hound zombie (D:7)
  Robin (D:2)
  5 adders
  3 gnolls (D:2)
  A river rat (Sewer)
  3 oozes
  4 worms
  3 dart slugs
  6 leopard geckos
  15 orcs
  A ball python (D:5)
  5 bats
  9 giant cockroaches
  21 goblins
  13 hobgoblins
  8 jackals
  10 kobolds
  3 quokkas
  2 frilled lizards (D:2)
  2 jackal skeletons
  14 rats
177 creatures vanquished.

Vanquished Creatures (others)
  Sigmund (D:3)
  A rat (D:3)
2 creatures vanquished.

Grand Total: 179 creatures vanquished

Notes
Turn   | Place    | Note
-------+----------+-------------------------------------------
     0 | D:1      | CanadianGator the Hill Orc Fighter began the quest for the Orb.
     0 | D:1      | Reached XP level 1. HP: 19/19 MP: 1/1
   237 | D:1      | Reached XP level 2. HP: 27/27 MP: 2/2
  1029 | D:1      | Reached XP level 3. HP: 32/33 MP: 3/3
  1086 | D:2      | Noticed Robin
  1099 | D:2      | Reached skill level 3 in Axes
  1102 | D:2      | Killed Robin
  1384 | D:2      | Reached XP level 4. HP: 39/40 MP: 4/4
  1474 | D:2      | Reached skill level 4 in Axes
  1830 | D:2      | Reached XP level 5. HP: 33/47 MP: 5/5
  2624 | D:3      | Noticed a phantom
  2634 | D:3      | Noticed Sigmund
  2644 | D:3      | Killed a phantom
  2644 | D:3      | Reached skill level 5 in Axes
  2644 | D:3      | Reached XP level 6. HP: 50/55 MP: 6/6
  2784 | D:3      | Reached skill level 5 in Fighting
  2834 | D:3      | Found a glowing drain.
  2865 | Sewer    | Entered a sewer
  2971 | Sewer    | Reached skill level 6 in Axes
  2993 | Sewer    | Found a white marble altar of Elyvilon.
  3191 | D:3      | HP: 1/56 [Sigmund] (10)]
  3193 | D:3      | Killed Sigmund
  3193 | D:3      | Reached XP level 7. HP: 1/61 MP: 7/7
  3524 | D:3      | Became a worshipper of Beogh the Brigand
  3601 | D:3      | Noticed Jessica
  3605 | D:3      | Killed Jessica
  3922 | D:4      | Reached skill level 7 in Axes
  3922 | D:4      | Reached skill level 5 in Armour
  3924 | D:4      | Found Egon's Armour Boutique.
  3952 | D:4      | Bought a +1 pair of gloves for 149 gold pieces
  4097 | D:4      | Found Zifeb's Weapon Shop.
  4117 | D:4      | Found Soshois's Assorted Antiques.
  4179 | D:4      | Bought a +0 pair of boots for 58 gold pieces
  4427 | D:5      | Entered Level 5 of the Dungeon
  4502 | D:5      | Reached skill level 1 in Dodging
  4505 | D:5      | Reached skill level 8 in Axes
  4505 | D:5      | Reached * piety under Beogh
  4505 | D:5      | Reached XP level 8. HP: 43/70 MP: 8/8
  4508 | D:5      | Reached skill level 9 in Axes
  4882 | D:5      | Found a staircase to the Ecumenical Temple.
  5080 | D:5      | Found a runed door.
  5114 | D:5      | Noticed Crazy Yiuf
  5118 | D:5      | Killed Crazy Yiuf
  5768 | D:6      | Reached skill level 10 in Axes
  6049 | D:6      | Reached XP level 9. HP: 66/78 MP: 9/9
  6081 | D:6      | Reached ** piety under Beogh
  6488 | D:7      | Reached skill level 11 in Axes
  6495 | D:7      | HP: 1/78 [killer bee (6)]
  6845 | D:7      | Gained mutation: You are frail. (-10% HP) [mutagenic meat]
  6846 | D:7      | Gained mutation: Your body sometimes deteriorates upon taking damage. [mutagenic meat]
  6847 | D:7      | Lost mutation: Your body sometimes deteriorates upon taking damage. [mutagenic meat]
  6848 | D:7      | Gained mutation: You have a pair of small antennae on your head. [mutagenic meat]
  6849 | D:7      | Gained mutation: You are partially covered in yellow scales. (AC +2) [mutagenic meat]
  6850 | D:7      | Gained mutation: Your flesh is cold resistant. (rC+) [mutagenic meat]
  7175 | D:7      | Reached skill level 12 in Axes
  7593 | D:8      | Noticed Prince Ribbit
  7600 | D:8      | Noticed Joseph
  7605 | D:8      | Killed Prince Ribbit
  7626 | D:8      | HP: 3/71 [Joseph/sling bullet (5)]
  7638 | D:8      | Slain by Joseph

Skill      XL: |  1  2  3  4  5  6  7  8  9 |
---------------+----------------------------+-----
Fighting       | 4 5 6 7 |  7.6
Axes           | 3 4 5 6 8 10 12 | 12.4
Armour         | 4 5 6 7 |  7.4
Shields        | 4 |  4.6
Dodging        | 1 |  1.6

Action                   |  1- 3 |  4- 6 |  7- 9 || total
-------------------------+-------+-------+-------++-------
Melee: War axe           |   157 |   229 |    63 ||   449
       Battleaxe         |       |       |   122 ||   122
Invok: Convert to Beogh  |       |       |     1 ||     1
  Use: Scroll            |     5 |     9 |     2 ||    16
       Potion            |     3 |     4 |     6 ||    13
  Eat: Chunk             |       |     8 |    15 ||    23
       Bread ration      |       |       |     1 ||     1
Armor: Scale mail        |   175 |   125 |   122 ||   422
Dodge: Dodged            |   105 |    68 |   118 ||   291
Block: Shield            |   163 |   112 |    30 ||   305
